 Dungeon Crawl Stone Soup version 0.14.2 (webtiles) character file.

477014 peterlawrence the Slayer (level 23, -8/236 HPs)
             Began as a Minotaur Fighter on Oct 25, 2023.
             Was a High Priest of Okawaru.
             Killed by divine providence
             ... invoked by a greater mummy
              (13 damage)
             ... on Level 9 of a ziggurat on Oct 26, 2023.
             The game lasted 02:54:00 (61493 turns).

peterlawrence the Slayer (Minotaur Fighter)        Turns: 61493, Time: 02:54:01

HP  -8/236       AC 53     Str 28      XL: 23   Next: 31%
MP   3/9         EV 31     Int  8      God: Okawaru [*****.]
Gold 2152        SH 52     Dex 22      Spells:  0 memorised, 22 levels left

rFire  + . .     SeeInvis +     f - +9,+4 broad axe of the Puffin {antimagic, Str+2}
rCold  . . .     Clarity  .     P - +13 crystal plate armour of Tomuebin {+Inv rElec rF+ Dam+4 SInv}
rNeg   + . .     Conserve .     b - +0 large shield {rN+}
rPois  +         rCorr    .     i - +2 hat {MR+}
rElec  +         rRot     .     a - -2 cloak {rPois}
SustAb . .       Spirit   .     m - +2 pair of fencer's gloves {EV+3 Dex+3 Acc+8}
rMut   .         Warding  .     t - +1 pair of boots {Fly}
Gourm  +         Stasis   .     E - amulet "Zosulet" {Gourm Hunger MR++ Int+3 SInv}
MR     ++++.                    G - +6 ring of evasion
                                T - +4 ring of dexterity

@: studying 2 skills, very slightly contaminated, hasted, heroism, finesse, very
quick, incredibly resistant to hostile enchantments, extremely unstealthy
A: retaliatory headbutt, horns 2, slow metabolism 1
a: Heroism, Finesse, Renounce Religion, Evoke Invisibility, Evoke Flight
}: 3/15 runes: barnacled, silver, gossamer


You were on level 9 of a ziggurat.
You worshipped Okawaru.
Okawaru was extremely pleased with you.
You were very full.

You visited 9 branches of the dungeon, and saw 47 of its levels.
You visited 1 Ziggurat, and saw 9 of its levels.
You also visited: Labyrinth, Trove, Sewer, Ossuary and Ice Cave.

You collected 6500 gold pieces.
You spent 4348 gold pieces at shops.

Inventory:

Hand weapons
 f - the +9,+4 broad axe of the Puffin (weapon) {antimagic, Str+2}
   (Okawaru gifted it to you on level 14 of the Dungeon)

   It disrupts the flow of magical energy around spellcasters and certain
   magical creatures (including the wielder).
   It affects your strength (+2).
 h - a +7,+6 broad axe of flaming
Armour
 a - a -2 cloak of poison resistance (worn)
 b - a +0 large shield of positive energy (worn)
 i - a +2 hat of magic resistance (worn)
 m - the +2 pair of fencer's gloves (worn) {EV+3 Dex+3 Acc+8}
   (You found it in an ice cave)

   It affects your evasion (+3).
   It affects your dexterity (+3).
   It affects your accuracy with ranged weapons and melee attacks (+8).
 t - a +1 pair of boots of flying (worn)
 P - the +13 crystal plate armour of Tomuebin (worn) {+Inv rElec rF+ Dam+4 SInv}
   (You found it in a treasure trove)

   It affects your damage with ranged weapons and melee attacks (+4).
   It protects you from fire.
   It insulates you from electricity.
   It enhances your eyesight.
   It lets you turn invisible.
Magical devices
 d - a wand of fireball (2)
 g - a wand of hasting (7)
 j - a wand of teleportation (9)
 u - a wand of disintegration (16)
 C - a wand of digging (10)
Comestibles
 k - 11 bread rations
 r - 16 meat rations
Scrolls
 l - a scroll of recharging
 p - 2 scrolls of teleportation
 q - a scroll of magic mapping
 v - 5 scrolls of identify
 B - a scroll of blinking
 L - 3 scrolls of remove curse
Jewellery
 w - the amulet "Saoh" {Spirit Int+3 Dam+4 Stlth}
   (You found it on level 8 of a ziggurat)

   [amulet of guardian spirit]

   It affects your intelligence (+3).
   It affects your damage with ranged weapons and melee attacks (+4).
   It makes you more stealthy.
 y - the ring of Shadows {Umbra +Inv rN+ SInv}
   (You found it on level 8 of a ziggurat)

   [ring of invisibility]

   It protects you from negative energy.
   It enhances your eyesight.
 E - the amulet "Zosulet" (around neck) {Gourm Hunger MR++ Int+3 SInv}
   (You bought it in a shop on level 7 of the Dungeon)

   [amulet of the gourmand]

   It affects your intelligence (+3).
   It affects your resistance to hostile enchantments.
   It enhances your eyesight.
   It speeds your metabolism.
 G - a +6 ring of evasion (right hand)
 H - an uncursed amulet of resist mutation
 I - an uncursed ring of sustenance
 T - a +4 ring of dexterity (left hand)
Potions
 c - a potion of flight
 e - a potion of agility
 o - 3 potions of heal wounds
 s - 5 potions of restore abilities
 x - 4 potions of curing
 A - 2 potions of cure mutation
 F - a potion of haste
 J - 3 potions of resistance
 M - 3 potions of might
 N - a potion of berserk rage
Books
 z - a manual of Maces & Flails
 D - a manual of Short Blades


   Skills:
 - Level 26.1(27) Fighting
 - Level 18.1(23.1) Axes
 - Level 12.9(17.9) Maces & Flails
 - Level 24.6(27) Armour
 - Level 14.5(19.5) Dodging
 + Level 17.5(22.5) Shields
 - Level 7.9 Invocations


You had 22 spell levels left.
You didn't know any spells.

Dungeon Overview and Level Annotations

Branches:
Dungeon (15/15)            Temple (0/1) D:6             Orc (4/4) D:11
    Elf (3/3) Orc:3          Lair (8/8) D:10         Shoals (5/5) Lair:5
 Spider (5/5) Lair:4        Slime (0/6) Lair:6       Vaults (5/5) D:13
  Blade (1/1) Vaults:3      Crypt (0/5) Vaults:2     Depths (1/5) D:15

Altars:
Ashenzari
Fedhas
Kikubaaqudgha
Okawaru
Trog
Vehumet
Xom
Yredelemnul
Zin
Beogh

Shops:
D:7 =   Orc:4 *=[(   Elf:1 }   Elf:2 =?   Elf:3 *   Shoals:4 =   Vaults:4 !


Innate Abilities, Weirdness & Mutations

You reflexively headbutt those who attack you in melee.
You have a pair of horns on your head.
You have a slow metabolism.


Message History

You block the jiangshi's attack. x2
The mummy priest calls down the wrath of its god upon you.
Something smites you!
* * * LOW HITPOINT WARNING * * *
Unknown command.
Read which item? (? for menu, Esc to quit)
Blink to where?
Press: ? - help, Dir - move target cursor
As you read the scroll of blinking, it crumbles to dust.
A frost giant skeleton comes into view.
The greater mummy casts a spell.
Found a disc of storms.
Are you sure you want to leave this Ziggurat?
The frost giant skeleton misses you.
The mummy priest calls on the powers of darkness!
Your body is wracked with pain!
* * * LOW HITPOINT WARNING * * *
The greater mummy casts a spell at you. Something smites you!
You die...

▓▓▓........z▓▓▓
▓▓.........W...▓▓
▓.........§4MzM.▓▓
............MMp..▓▓
............V..Z..▓
.......###.Mz.MM|}▓
......#####.pM.)M"▓▓
∩.....#####...MMMzV▓
......#####...MM@}▓
.......###......Z.▓
..................▓
........ ........▓▓
▓...... .......▓▓
▓▓.... .....▓ ▓▓.
..▓▓ ▓


You could see 2 greater mummies, 2 mummy priests, 2 jiangshi, 4 guardian
mummies, a sixfirhy, a hungry ghost, a shadow, 6 mummies, a wight, 2 spriggan
zombies, a fire giant zombie and a frost giant skeleton.

Vanquished Creatures
  An ancient lich (Vaults:5)
  A golden dragon (Vaults:5)
  2 bone dragons (Vaults:5)
  Nikola (Shoals:4)
  Arachne (Spider:5)
  An Ice Fiend (IceCv)
  Asterion (Shoals:2)
  The ghost of peterlawrence the Warrior, a mighty MiFi of Okawaru (Shoals:3)
  2 tentacled monstrosities (Vaults:5)
  2 liches (Vaults:5)
  A deep elf blademaster (Elf:3)
  7 titans (Vaults:5)
  A quicksilver dragon (Zig:7)
  The ghost of peterlawrence the Warrior, a mighty MiFi of Okawaru (D:14)
  The ghost of peterlawrence the Slayer, a mighty MiFi of Okawaru (Shoals:5)
  2 deep elf master archers (Elf:3)
  Polyphemus (Shoals:3)
  4 storm dragons (Vaults:5)
  3 sphinxes
  2 krakens
  3 tengu reavers
  Rupert (Shoals:1)
  Agnes (Blade)
  A draconian monk (Zig:8)
  Roxanne (Spider:3)
  Ilsuiw (Shoals:5)
  8 shadow dragons
  4 frost giants
  Donald (Shoals:4)
  3 fire giants
  Wiglaf (Shoals:5)
  An iron dragon (Vaults:5)
  14 vault wardens
  8 deep elf sorcerers (Elf:3)
  Aizul (Spider:3)
  Louise (Shoals:3)
  A blood saint (Zig:6)
  2 greater nagas (Zig:7)
  2 ghost moths (Spider:5)
  6 emperor scorpions
  Gastronok (Orc:4)
  3 orc warlords
  A draconian knight (Zig:6)
  Jorgrun (Shoals:4)
  A war gargoyle (Vaults:5)
  5 deep elf demonologists
  A grey draconian (Zig:8)
  A mottled draconian (Zig:8)
  17 stone giants
  2 purple draconians (Zig:8)
  2 green draconians (Zig:8)
  2 yellow draconians (Zig:8)
  The ghost of peterlawrence the Severer, a powerful MiFi of Okawaru (IceCv)
  4 large abominations (Vaults:5)
  15 deep elf annihilators
  4 merfolk javelineers (Shoals:5)
  An eidolon (Zig:1)
  8 ettins
  Snorg (Lair:3)
  5 deep elf death magi
  3 great orbs of eyes
  28 vault guards
  10 merfolk impalers
  A minotaur (Lab)
  13 ironheart preservers
  A quicksilver dragon zombie (Zig:4)
  A siren (Shoals:4)
  Josephine (Shoals:1)
  3 fire dragons
  2 deep elf high priests
  13 yaktaur captains
  Fannar (Lair:2)
  7 hydras
  3 ice dragons
  Harold (Lair:3)
  Nessos (Orc:4)
  A spriggan air mage (Zig:5)
  4 merfolk aquamancers
  A ravenous feature mimic (Vaults:3)
  23 dancing weapons
  14 ogre magi
  2 alligator snapping turtles
  An anaconda (Zig:5)
  Erica (Lair:8)
  A shambling mangrove (Zig:5)
  4 spectral elves (Elf:3)
  3 satyrs
  4 deep troll shamans
  21 death yaks
  2 deep troll earth magi (Vaults:2)
  2 tengu warriors (D:15)
  A naga sharpshooter (Zig:7)
  7 orc high priests
  3 catoblepae
  Urug (D:11)
  A spriggan berserker (Zig:5)
  7 centaur warriors
  The ghost of peterlawrence the Basher, an experienced MiFi of Okawaru (D:8)
  A sun demon (Vaults:5)
  Nergalle (D:10)
  A shock serpent (Zig:7)
  4 very ugly things
  A salamander mystic (Depths:1)
  4 shadow wraiths
  13 deep elf knights
  6 iron trolls
  3 fire crabs
  5 ice devils (IceCv)
  17 orb spiders
  5 unseen horrors
  5 deep elf summoners
  13 sea snakes
  Erolcha (D:10)
  2 wizards (Zig:6)
  3 ice statues
  7 orc sorcerers
  2 swamp dragons (Zig:3)
  6 water nymphs
  Pikel (D:5)
  5 hill giants
  A sphinx zombie (Zig:9)
  11 deep trolls
  8 ironbrand convokers
  An oklob plant (Lair:1)
  A harpy (shapeshifter) (Vaults:2)
  A lindwurm (shapeshifter) (Vaults:5)
  2 necromancers (Vaults:5)
  29 harpies
  19 orc knights
  3 sixfirhies
  15 deep elf conjurers
  A cyclops (shapeshifter) (Vaults:5)
  28 wolf spiders
  5 red wasps
  11 elephants
  3 phantasmal warriors
  2 sphinx skeletons (Vaults:5)
  8 cyclopes
  13 griffons
  7 salamanders (Depths:1)
  18 vault sentinels
  4 black mambas
  2 moths of wrath
  9 manticores
  10 fauns
  2 guardian serpents (Zig:7)
  A stone giant skeleton (Vaults:5)
  Maurice (Orc:3)
  12 spiny frogs
  12 mermaids
  3 apocalypse crabs (Zig:2)
  The ghost of peterlawrence the Basher, an experienced MiFi of Okawaru (D:5)
  3 smoke demons
  A queen ant (Spider:5)
  An alligator snapping turtle zombie (Shoals:1)
  A feature mimic (D:13)
  2 naga magi
  4 drowned souls (Shoals:4)
  An orange demon (Elf:3)
  Psyche (Orc:2)
  14 demonic crawlers
  A spriggan zombie (Zig:4)
  A gargoyle (D:14)
  41 yaktaurs
  3 kobold demonologists (Vaults:2)
  2 anaconda simulacra (IceCv)
  6 fire drakes
  A queen bee (shapeshifter) (Vaults:2)
  A guardian mummy (Zig:9)
  14 deep elf priests
  2 small abominations
  A hellwing (D:15)
  2 tengu conjurers (D:13)
  A tormentor (Vaults:5)
  4 komodo dragons
  17 jumping spiders
  5 trolls
  7 wind drakes
  35 merfolk
  An iron devil (Vaults:5)
  The ghost of peterlawrence the Cudgeler, an average MiFi of Okawaru (D:4)
  Sonja (Orc:4)
  A blue devil (Vaults:5)
  A boggart (shapeshifter) (Vaults:5)
  8 ravens
  23 two-headed ogres
  23 blink frogs
  A baby alligator (shapeshifter) (Vaults:4)
  A red wasp zombie (D:13)
  13 freezing wraiths
  A frost giant simulacrum (Vaults:2)
  9 snapping turtles
  4 brown oozes (Lair:6)
  22 slime creatures
  6 boulder beetles
  A trapdoor spider zombie (D:14)
  4 wandering mushrooms (D:8)
  19 sharks
  3 ynoxinuls
  3 basilisks
  2 grizzly bears
  A vampire (Depths:1)
  2 ettin skeletons
  3 wraiths
  A flying skull (Zig:4)
  11 trapdoor spiders
  3 shadows
  31 yaks
  11 water elementals
  23 deep elf magi
  22 tarantellas
  A wyvern (D:10)
  3 dire elephant simulacra (IceCv)
  34 redbacks
  A hill giant zombie (D:10)
  2 neqoxecs
  2 elephant slugs
  Grum (D:9)
  3 chaos spawn
  21 ugly things
  28 deep elf fighters
  2 merfolk zombies (Shoals:1)
  7 wargs
  2 nagas (Zig:7)
  9 hippogriffs
  8 vampire mosquitoes
  2 hungry ghosts (D:13)
  2 iron troll simulacra (IceCv)
  16 wolves
  A necrophage (D:11)
  A soldier ant (shapeshifter) (Vaults:1)
  4 soldier ants
  6 harpy simulacra (IceCv)
  2 hydra simulacra (IceCv)
  11 water moccasins
  A mottled dragon (Vaults:1)
  3 porcupines
  3 phantoms
  5 giant goldfish
  3 slaves (D:5)
  2 manticore zombies
  A tengu skeleton (D:10)
  67 ogres
  12 spiders
  67 orc warriors
  A swamp drake (Zig:3)
  2 sky beasts
  An alligator simulacrum (IceCv)
  A black bear (Lair:8)
  2 snapping turtle zombies (Shoals:1)
  33 centaurs
  2 ice beasts
  2 yellow wasps
  15 crocodiles
  A crocodile (shapeshifter) (Vaults:5)
  A boring beetle (shapeshifter) (Vaults:5)
  5 giant slugs
  13 giant frogs
  3 boring beetles
  A yaktaur zombie (D:13)
  A silver statue (D:15)
  5 elf zombies
  8 big kobolds
  A cyclops zombie (D:15)
  A glowing shapeshifter simulacrum (Zig:9)
  A gnoll sergeant (D:5)
  A komodo dragon skeleton (D:10)
  7 scorpions
  A human simulacrum (Vaults:5)
  2 eyes of draining
  2 oklob saplings (D:8)
  12 killer bees
  A troll skeleton (D:10)
  5 wights
  9 electric eels
  A giant frog zombie (D:6)
  2 goliath beetles
  3 crimson imps
  8 hounds
  2 elephant simulacra (IceCv)
  4 big fish
  3 draconian simulacra (IceCv)
  3 lava snakes (D:12)
  4 quasits
  A soldier ant zombie (D:10)
  A giant frog skeleton (D:13)
  5 jellies
  17 worker ants
  Crazy Yiuf (D:3)
  28 orc priests
  2 gnoll shamans (D:5)
  8 orange rats
  33 orc wizards
  Natasha (thrice) (D:6)
  15 iguanas
  A spriggan simulacrum (IceCv)
  3 troll simulacra (IceCv)
  A killer bee zombie (D:6)
  A wolf simulacrum (IceCv)
  A big kobold zombie (Ossuary)
  33 sheep
  Jessica (D:3)
  3 centaur simulacra (IceCv)
  2 hound zombies (Ossuary)
  3 mummies (Ossuary)
  49 gnolls
  75 green rats
  An ogre simulacrum (IceCv)
  29 adders
  2 naga simulacra (IceCv)
  3 orc skeletons
  2 giant mites
  8 shadow imps
  4 white imps
  12 worms
  13 ufetubi
  3 adder zombies
  2 giant eyeballs
  11 giant geckos
  2 oozes
  248 orcs
  A bat zombie (D:7)
  9 giant cockroaches
  24 hobgoblins
  47 jackals
  35 kobolds
  11 quokkas
  8 ball pythons
  23 bats
  A giant cockroach zombie (D:5)
  2 giant newts
  2 giant spores
  19 goblins
  5 goblin zombies (Ossuary)
  7 hobgoblin zombies
  5 jackal zombies
  5 kobold zombies (Ossuary)
  16 orc zombies
  5 quokka zombies (Ossuary)
  37 rats
  2 rat zombies (Ossuary)
  4 ballistomycetes
  3 crawling corpses
  5 fungi
  A macabre mass (Elf:3)
  5 plants
  7 tentacles
2564 creatures vanquished.

Vanquished Creatures (others)
  A deep elf high priest (Elf:3)
  An ogre mage (Vaults:4)
  A deep troll (Vaults:2)
  A drowned soul (Shoals:4)
  A jumping spider (Spider:5)
  An orc warrior (Elf:3)
  An ogre (Vaults:5)
  An iron imp (D:15)
  A white imp (IceCv)
  An ufetubus (IceCv)
  An orc (D:5)
  A bat skeleton (D:5)
  A bat (D:10)
  A goblin (D:5)
  5 fungi
  5 plants
  9 tentacles
  182 tentacle segments
215 creatures vanquished.

Grand Total: 2779 creatures vanquished

Notes
Turn   | Place    | Note
--------------------------------------------------------------
     0 | D:1      | peterlawrence, the Minotaur Fighter, began the quest for the Orb.
     0 | D:1      | Reached XP level 1. HP: 19/19 MP: 1/1
    97 | D:1      | Reached skill level 4 in Armour
    98 | D:1      | Reached XP level 2. HP: 20/27 MP: 1/1
   762 | D:2      | Reached XP level 3. HP: 33/33 MP: 2/2
  1030 | D:2      | Reached XP level 4. HP: 40/40 MP: 2/2
  1043 | D:2      | Reached skill level 1 in Dodging
  1213 | D:3      | Found an iron altar of Okawaru.
  1312 | D:3      | Became a worshipper of Warmaster Okawaru
  1753 | D:3      | Noticed Crazy Yiuf
  1759 | D:3      | Killed Crazy Yiuf
  1759 | D:3      | Reached XP level 5. HP: 16/47 MP: 2/2
  2212 | D:3      | Noticed Jessica
  2222 | D:3      | Killed Jessica
  2324 | D:4      | Reached XP level 6. HP: 25/53 MP: 3/3
  2522 | D:4      | Noticed peterlawrence's ghost (average MiFi)
  2543 | D:4      | Killed peterlawrence's ghost
  2543 | D:4      | Reached skill level 6 in Maces & Flails
  2543 | D:4      | Reached XP level 7. HP: 27/60 MP: 3/3
  2598 | D:4      | Reached skill level 7 in Maces & Flails
  2599 | D:4      | Found a glowing drain.
  2612 | Sewer    | Entered a sewer
  2649 | Sewer    | Acquired Okawaru's first power
  3179 | Sewer    | Reached skill level 8 in Maces & Flails
  3418 | Sewer    | Reached skill level 9 in Maces & Flails
  3622 | D:4      | Noticed an ogre
  3627 | D:4      | Paralysed by a giant eyeball for 3 turns
  3633 | D:4      | Killed an ogre
  3633 | D:4      | Reached XP level 8. HP: 16/67 MP: 3/3
  3935 | D:4      | Reached skill level 10 in Maces & Flails
  3942 | D:4      | Found a radiant altar of Vehumet.
  4008 | D:5      | Entered Level 5 of the Dungeon
  4021 | D:5      | Reached skill level 1 in Invocations
  4128 | D:5      | Found a basalt altar of Yredelemnul.
  4208 | D:5      | Noticed Pikel
  4228 | D:5      | Killed Pikel
  4334 | D:5      | Found a glowing silver altar of Zin.
  4629 | D:5      | Noticed peterlawrence's ghost (experienced MiFi)
  4641 | D:5      | Killed peterlawrence's ghost
  4641 | D:5      | Reached XP level 9. HP: 37/84 MP: 7/7
  4672 | D:5      | HP: 2/85 [gnoll/halberd (7)]
  4702 | D:5      | Reached skill level 10 in Fighting
  5671 | D:6      | Noticed Natasha
  5684 | D:6      | Killed Natasha
  5715 | D:6      | Reached skill level 11 in Maces & Flails
  5958 | D:6      | Noticed Natasha
  5964 | D:6      | Killed Natasha
  6241 | D:6      | Found a staircase to the Ecumenical Temple.
  6302 | D:6      | Noticed Natasha
  6308 | D:6      | Killed Natasha
  6554 | D:7      | Found Oneeser's Jewellery Shoppe.
  6636 | D:7      | Reached skill level 12 in Maces & Flails
  6744 | D:7      | Found a sand-covered staircase.
  6749 | Ossuary  | Entered an ossuary
  7154 | D:7      | Identified a scroll of acquirement
  7488 | D:8      | Reached XP level 10. HP: 64/94 MP: 7/7
  7673 | D:8      | Found a blossoming altar of Fedhas.
  7860 | D:8      | Noticed peterlawrence's ghost (experienced MiFi)
  8226 | D:8      | Killed peterlawrence's ghost
  8736 | D:8      | Found a shattered altar of Ashenzari.
  8908 | D:9      | Reached skill level 5 in Invocations
  9172 | D:9      | Noticed Grum
  9206 | D:9      | Killed Grum
  9789 | D:10     | Entered Level 10 of the Dungeon
  9951 | D:10     | Noticed Erolcha
  9972 | D:10     | Killed Erolcha
  9972 | D:10     | Reached XP level 11. HP: 46/105 MP: 15/17
 10349 | D:10     | Noticed Nergalle
 10385 | D:10     | Killed Nergalle
 10718 | D:10     | Noticed a hill giant
 10729 | D:10     | Killed a hill giant
 10729 | D:10     | Reached skill level 13 in Fighting
 10791 | D:10     | Found a staircase to the Lair.
 11470 | D:11     | Found a staircase to the Orcish Mines.
 11810 | D:11     | Noticed a six-headed hydra
 11823 | D:11     | Killed a six-headed hydra
 11823 | D:11     | Acquired Okawaru's second power
 11823 | D:11     | Reached skill level 14 in Fighting
 11835 | D:11     | Noticed Urug
 11849 | D:11     | Killed Urug
 12218 | D:11     | Killed an unseen horror
 12464 | D:12     | Reached skill level 15 in Fighting
 12472 | D:12     | Received a gift from Okawaru
 12908 | D:12     | Got a faintly glowing hat {god gift}
 12911 | D:12     | Identified the -1 hat of the Present {Str+1 Int+3} (Okawaru gifted it to you on level 12 of the Dungeon)
 13028 | D:12     | Reached skill level 5 in Armour
 13037 | D:12     | Reached XP level 12. HP: 92/122 MP: 20/20
 13590 | D:7      | Bought the amulet "Zosulet" {Gourm Hunger MR++ Int+3 SInv} for 708 gold pieces
 13661 | Lair:1   | Entered Level 1 of the Lair of Beasts
 14024 | Lair:1   | Found a bloodstained altar of Trog.
 14056 | Lair:1   | Noticed an eight-headed hydra
 14074 | Lair:1   | Killed an eight-headed hydra
 15284 | Lair:2   | Reached skill level 10 in Armour
 15318 | Lair:2   | Noticed Fannar
 15345 | Lair:2   | Killed Fannar
 15979 | Lair:3   | Noticed Harold
 16002 | Lair:3   | Killed Harold
 16079 | Lair:3   | Noticed Snorg
 16092 | Lair:3   | Killed Snorg
 16129 | Lair:3   | Got a warped cloak
 16139 | Lair:3   | Identified the cursed -2 cloak "Hel Atot" {Str+2 Dex+3 Int+1} (You found it on level 3 of the Lair of Beasts)
 16265 | Lair:3   | Reached skill level 5 in Shields
 16607 | Lair:4   | Found a labyrinth entrance.
 16651 | Lab      | Entered a labyrinth
 16772 | Lab      | Noticed a minotaur
 16783 | Lab      | Killed a minotaur
 16798 | Lab      | Got an ancient cloak
 16813 | Lair:4   | Identified the cursed +0 cloak of the Flute {rPois} (You found it in a labyrinth)
 16960 | Lair:4   | Found a hole to the Spider Nest.
 16980 | Lair:4   | Reached XP level 13. HP: 128/128 MP: 20/20
 17014 | Lair:4   | Noticed a seven-headed hydra
 17023 | Lair:4   | Killed a seven-headed hydra
 18548 | Lair:5   | Reached skill level 10 in Shields
 18830 | Lair:5   | Found a staircase to the Shoals.
 18918 | Lair:5   | Reached skill level 5 in Dodging
 19345 | Lair:6   | Found a staircase to the Slime Pits.
 21463 | Lair:7   | Received a gift from Okawaru
 21802 | Lair:7   | Reached XP level 14. HP: 85/136 MP: 14/21
 21814 | Lair:7   | Reached skill level 15 in Armour
 22485 | Lair:8   | Entered Level 8 of the Lair of Beasts
 22698 | Lair:8   | Noticed Erica
 22710 | Lair:8   | Killed Erica
 24240 | D:13     | Found a gate to the Vaults.
 24555 | D:13     | Reached skill level 16 in Fighting
 24591 | D:13     | Found a shimmering altar of Xom.
 24591 | D:13     | Found a shimmering altar of Xom.
 25058 | D:13     | Found a shimmering altar of Xom.
 25492 | D:14     | Received a gift from Okawaru
 25500 | D:14     | Got a transparent broad axe {god gift}
 25501 | D:14     | Identified the +9,+4 broad axe of the Puffin {antimagic, Str+2} (Okawaru gifted it to you on level 14 of the Dungeon)
 25638 | D:14     | Noticed peterlawrence's ghost (mighty MiFi)
 26109 | D:14     | Reached skill level 1 in Axes
 26169 | D:14     | Reached XP level 15. HP: 145/145 MP: 22/22
 26232 | D:14     | Killed peterlawrence's ghost
 26232 | D:14     | Reached skill level 5 in Axes
 26829 | D:15     | Entered Level 15 of the Dungeon
 26925 | D:15     | Found a roughly hewn altar of Beogh.
 27433 | D:15     | Reached skill level 10 in Axes
 28048 | D:11     | Noticed an unseen horror
 28065 | D:11     | Killed an unseen horror
 28083 | Orc:1    | Entered Level 1 of the Orcish Mines
 28435 | Orc:3    | Found a staircase to the Elven Halls.
 28436 | Orc:3    | Noticed Maurice
 28460 | Orc:3    | Killed Maurice
 28501 | Orc:2    | Noticed Psyche
 28510 | Orc:2    | Killed Psyche
 29853 | Orc:4    | Entered Level 4 of the Orcish Mines
 29875 | Orc:4    | Found Cligy's General Store.
 29943 | Orc:4    | Found Prismene's Jewellery Emporium.
 29959 | Orc:4    | Noticed Gastronok
 29976 | Orc:4    | Killed Gastronok
 30414 | Orc:4    | Noticed Nessos
 30427 | Orc:4    | Killed Nessos
 30507 | Orc:4    | Bought a scroll of identify for 20 gold pieces
 30507 | Orc:4    | Bought a scroll of teleportation for 30 gold pieces
 30552 | Orc:4    | Found Qov Ofra's Antique Armour Emporium.
 30897 | Orc:4    | Reached skill level 15 in Axes
 31011 | Orc:4    | Bought a pair of smoking boots for 285 gold pieces
 31011 | Orc:4    | Bought a steaming plate armour for 840 gold pieces
 31033 | Orc:4    | Identified the +6 plate armour of Wofiaf {rPois} (You bought it in a shop on level 4 of the Orcish Mines)
 31036 | Orc:4    | Identified the +1 pair of boots of the Blind Marksman {rN+} (You bought it in a shop on level 4 of the Orcish Mines)
 31168 | Orc:4    | Noticed Sonja
 31192 | Orc:4    | Killed Sonja
 31289 | Orc:4    | Found Wofathriag's Antique Weapon Boutique.
 31309 | Orc:4    | Received a gift from Okawaru
 31606 | Elf:1    | Entered Level 1 of the Elven Halls
 31623 | Elf:1    | Found a radiant altar of Vehumet.
 31883 | Elf:1    | Found a frozen archway.
 31904 | IceCv    | Entered an ice cave
 31984 | IceCv    | Reached XP level 16. HP: 141/152 MP: 7/23
 32244 | IceCv    | Noticed an Ice Fiend
 32663 | IceCv    | Noticed peterlawrence's ghost (powerful MiFi)
 32671 | IceCv    | Killed peterlawrence's ghost
 32918 | IceCv    | Killed an Ice Fiend
 32935 | IceCv    | Got a crude hat
 32939 | IceCv    | Identified the cursed -4 hat of Striucea {Acc+3 Dam-6} (You found it in an ice cave)
 33102 | Elf:1    | Found Lienam's Gadget Shoppe.
 33219 | D:11     | Received a gift from Okawaru
 33449 | Spider:1 | Entered Level 1 of the Spider Nest
 33889 | Spider:1 | Reached skill level 17 in Axes
 35153 | Spider:3 | Noticed Aizul
 35177 | Spider:3 | Killed Aizul
 35653 | Spider:3 | Noticed Roxanne
 35671 | Spider:3 | Killed Roxanne
 35671 | Spider:3 | Reached skill level 18 in Axes
 36690 | Spider:5 | Entered Level 5 of the Spider Nest
 37290 | Spider:5 | Noticed Arachne
 37314 | Spider:5 | Killed Arachne
 37314 | Spider:5 | Reached XP level 17. HP: 134/166 MP: 4/23
 37945 | Spider:5 | Received a gift from Okawaru
 38507 | Spider:5 | Got a gossamer rune of Zot
 38979 | Shoals:1 | Entered Level 1 of the Shoals
 39028 | Shoals:1 | Noticed Rupert
 39041 | Shoals:1 | Killed Rupert
 39324 | Shoals:1 | Noticed Josephine
 39361 | Shoals:1 | Killed Josephine
 40529 | Shoals:2 | Noticed Asterion
 40557 | Shoals:2 | Killed Asterion
 41117 | Shoals:3 | Received a gift from Okawaru
 41117 | Shoals:3 | Reached skill level 10 in Dodging
 41238 | Shoals:3 | Noticed peterlawrence's ghost (mighty MiFi)
 41278 | Shoals:3 | HP: 8/166 [barbs]
 41279 | Shoals:3 | HP: 3/166 [barbs]
 41741 | Shoals:3 | Noticed Polyphemus
 41743 | Shoals:3 | Noticed Louise
 41764 | Shoals:3 | Killed Polyphemus
 41767 | Shoals:3 | Killed Louise
 41901 | Shoals:3 | Reached XP level 18. HP: 108/173 MP: 8/24
 42250 | Shoals:3 | Killed peterlawrence's ghost
 42986 | Shoals:4 | Noticed Donald
 42996 | Shoals:4 | Killed Donald
 43414 | Shoals:4 | Received a gift from Okawaru
 43433 | Shoals:4 | Got a twisted broad axe {god gift}
 43569 | Shoals:4 | Identified the +7,+6 broad axe "Twoohu" {chop, Str+1} (Okawaru gifted it to you on level 4 of the Shoals)
 43806 | Shoals:4 | Reached skill level 15 in Shields
 43955 | Shoals:4 | Noticed Nikola
 43960 | Shoals:4 | Noticed Jorgrun
 43978 | Shoals:4 | Killed Nikola
 43981 | Shoals:4 | Killed Jorgrun
 44041 | Shoals:4 | Found Woesek's Jewellery Shoppe.
 44399 | Shoals:5 | Entered Level 5 of the Shoals
 44458 | Shoals:5 | Noticed peterlawrence's ghost (mighty MiFi)
 44471 | Shoals:5 | Killed peterlawrence's ghost
 44766 | Shoals:5 | Noticed Ilsuiw
 44803 | Shoals:5 | Killed Ilsuiw
 44995 | Shoals:5 | Got a barnacled rune of Zot
 45135 | Shoals:5 | Noticed Wiglaf
 45160 | Shoals:5 | Killed Wiglaf
 45213 | Shoals:5 | Got a slimy war axe
 45214 | Shoals:5 | Identified the +7,+6 war axe of Jonuwn {chop, +Blink +Rage rPois} (You found it on level 5 of the Shoals)
 45928 | Elf:2    | Received a gift from Okawaru
 46202 | Elf:2    | Found Izximuja's Magic Scroll Shop.
 46205 | Elf:2    | Bought a scroll of acquirement for 988 gold pieces
 46205 | Elf:2    | Bought a scroll of recharging for 180 gold pieces
 46205 | Elf:2    | Bought a scroll of recharging for 180 gold pieces
 46205 | Elf:2    | Bought a scroll of recharging for 180 gold pieces
 46205 | Elf:2    | Bought a scroll of magic mapping for 66 gold pieces
 46469 | Elf:2    | Reached skill level 19 in Fighting
 46542 | Elf:2    | Found Xaulil's Jewellery Shoppe.
 46691 | Elf:3    | Entered Level 3 of the Elven Halls
 46727 | Elf:3    | Found Asablaar's Assorted Antiques.
 46737 | Elf:3    | Bought a potion of heal wounds for 87 gold pieces
 46774 | Elf:3    | Reached XP level 19. HP: 161/182 MP: 8/25
 47336 | Elf:3    | Reached skill level 20 in Fighting
 48081 | Elf:3    | Received a gift from Okawaru
 48392 | Elf:3    | Reached skill level 21 in Fighting
 48519 | Elf:3    | Got a scintillating jade ring
 49272 | Vaults:1 | Entered Level 1 of the Vaults
 49417 | Vaults:1 | Identified the ring "Lismaig" {+/*Tele Str+1 Int+2} (You took it off a deep elf blademaster on level 3 of the Elven Halls)
 49929 | Vaults:1 | Reached skill level 22 in Fighting
 49952 | Vaults:1 | Received a gift from Okawaru
 50818 | Vaults:2 | Reached XP level 20. HP: 156/200 MP: 8/25
 51507 | Vaults:2 | Received a gift from Okawaru
 51681 | Vaults:2 | Found a staircase to the Crypt.
 51681 | Vaults:2 | Found a basalt altar of Yredelemnul.
 51682 | Vaults:2 | Found an ancient bone altar of Kikubaaqudgha.
 52349 | Vaults:3 | Found a staircase to the Hall of Blades.
 52387 | Blade    | Entered the Hall of Blades
 52501 | Blade    | Noticed Agnes
 52515 | Blade    | Killed Agnes
 53379 | Vaults:3 | Received a gift from Okawaru
 54614 | Vaults:4 | Reached XP level 21. HP: 188/207 MP: 8/26
 54995 | Vaults:4 | Found Teeha's Distillery.
 55011 | Vaults:4 | Bought a potion of heal wounds for 48 gold pieces
 55011 | Vaults:4 | Bought a potion of beneficial mutation for 560 gold pieces
 55011 | Vaults:4 | Bought a potion of might for 40 gold pieces
 55011 | Vaults:4 | Bought a potion of might for 40 gold pieces
 55011 | Vaults:4 | Bought a potion of confusion for 16 gold pieces
 55011 | Vaults:4 | Bought a potion of berserk rage for 48 gold pieces
 55011 | Vaults:4 | Bought a potion of curing for 32 gold pieces
 55012 | Vaults:4 | Gained mutation: You have a slow metabolism. [potion of beneficial mutation]
 55506 | Vaults:5 | Entered Level 5 of the Vaults
 55522 | Vaults:5 | Reached skill level 23 in Fighting
 56210 | Vaults:5 | Reached skill level 24 in Fighting
 56214 | Vaults:5 | Received a gift from Okawaru
 57311 | Vaults:5 | Reached skill level 25 in Fighting
 57326 | Vaults:5 | Reached XP level 22. HP: 157/226 MP: 9/27
 57993 | Vaults:5 | Noticed an ancient lich
 58012 | Vaults:5 | Killed an ancient lich
 58012 | Vaults:5 | Reached skill level 26 in Fighting
 58243 | Vaults:5 | Received a gift from Okawaru
 58247 | Vaults:5 | Got a blackened shield {god gift}
 58261 | Vaults:5 | Identified the -3 shield of Benevolence {rF+ rN+ Int+2 SInv} (Okawaru gifted it to you on level 5 of the Vaults)
 58280 | Vaults:5 | Got a silver rune of Zot
 59901 | D:15     | Found a staircase to the Depths.
 59987 | D:15     | Found a portal to a secret trove of treasure.
 60007 | Trove    | Entered a treasure trove
 60016 | Trove    | Got an encrusted large shield
 60032 | Trove    | Identified the -2 large shield of the Soldier {Dex+2 Int-3} (You found it in a treasure trove)
 60050 | Trove    | Got a crude crystal plate armour
 60080 | Trove    | Identified the +13 crystal plate armour of Tomuebin {+Inv rElec rF+ Dam+4 SInv} (You found it in a treasure trove)
 60082 | Trove    | Got a pair of slimy gloves
 60084 | Trove    | Got a faintly glowing plate armour
 60087 | Trove    | Got a warped hat
 60101 | Trove    | Got a warped shield
 60103 | Trove    | Got an ichor-stained shield
 60117 | Trove    | Identified the -2 shield "Marrauh" {Dex-4 Dam+5} (You found it in a treasure trove)
 60131 | Trove    | Identified the +1 shield of Akedip {Dex+3 Dam+4} (You found it in a treasure trove)
 60132 | Trove    | Got a shimmering shield
 60144 | Trove    | Identified the +1 shield "Skiuku" {SInv} (You found it in a treasure trove)
 60159 | Trove    | Identified the +0 pair of gloves of Hedge Wizardry {+Inv rF- rN+ Dex+2} (You found it in a treasure trove)
 60201 | D:15     | Identified the -5 hat of Edealufey {+Inv rF++ rN+} (You found it in a treasure trove)
 60551 | Depths:1 | Entered Level 1 of the Depths
 60726 | Depths:1 | Paralysed by a giant eyeball for 4 turns
 60888 | Depths:1 | Reached XP level 23. HP: 236/236 MP: 9/27
 60952 | Depths:1 | Found a gateway to a ziggurat.
 60974 | Zig:1    | Entered Level 1 of a ziggurat
 60990 | Zig:2    | Entered Level 2 of a ziggurat
 61015 | Zig:3    | Entered Level 3 of a ziggurat
 61062 | Zig:4    | Entered Level 4 of a ziggurat
 61117 | Zig:5    | Entered Level 5 of a ziggurat
 61188 | Zig:6    | Entered Level 6 of a ziggurat
 61217 | Zig:6    | Received a gift from Okawaru
 61275 | Zig:7    | Entered Level 7 of a ziggurat
 61355 | Zig:8    | Entered Level 8 of a ziggurat
 61420 | Zig:8    | Got a glittering copper ring
 61422 | Zig:8    | Got a sparkling brass amulet
 61431 | Zig:8    | Identified the amulet "Saoh" {Spirit Int+3 Dam+4 Stlth} (You found it on level 8 of a ziggurat)
 61432 | Zig:8    | Identified the cursed ring "Brokig" {rF+ EV-4} (You found it on level 8 of a ziggurat)
 61441 | Zig:9    | Entered Level 9 of a ziggurat
 61477 | Zig:9    | Noticed a greater mummy
 61485 | Zig:9    | Noticed a greater mummy
 61491 | Zig:9    | HP: 6/236 [mummy priest/divine providence (10)]
 61493 | Zig:9    | Killed from afar by a greater mummy

Action                   |  1- 3 |  4- 6 |  7- 9 | 10-12 | 13-15 | 16-18 | 19-21 | 22-24 || total
-------------------------+-------+-------+-------+-------+-------+-------+-------+-------++-------
Melee: Flail             |   106 |   117 |   286 |     5 |    21 |       |       |       ||   535
       Whip              |       |       |   514 |  1241 |  2013 |       |       |       ||  3768
       Broad axe         |       |       |       |       |   523 |  1803 |  1613 |   792 ||  4731
Invok: Heroism           |       |       |     1 |    19 |    27 |    17 |     7 |     3 ||    74
       Finesse           |       |       |       |     2 |     6 |     6 |     7 |     6 ||    27
 Abil: Evoke Flight      |       |       |       |     1 |       |       |       |     1 ||     2
       Stop Flying       |       |       |       |       |       |     1 |       |     1 ||     2
Evoke: Wand              |       |       |     6 |     6 |     4 |     4 |     6 |     3 ||    29
  Use: Scroll            |       |     7 |    14 |    18 |    20 |    22 |    14 |    18 ||   113
       Potion            |       |     4 |     3 |     4 |     5 |     4 |     5 |     1 ||    26
 Stab: Invisible         |       |       |       |     8 |       |       |     1 |     5 ||    14
       Petrifying        |       |       |       |       |       |       |       |     2 ||     2
       Paralysed         |       |       |       |       |       |       |       |     1 ||     1
